 Dungeon Crawl Stone Soup version 0.29-a0-472-ge5599a681e (webtiles) character file.

Game seed: 9713161011541587465

30977 spaghetti the Grappler (level 13, -8/105 HPs)
             Began as a Demonspawn Berserker on May 22, 2022.
             Was an Elder of Trog.
             Mangled by an orc high priest
             ... wielding a +0 halberd
              (18 damage)
             ... on level 2 of the Orcish Mines.
             The game lasted 00:27:33 (21773 turns).

spaghetti the Grappler (Demonspawn Berserker)      Turns: 21773, Time: 00:27:34

Health: -8/105     AC: 19    Str: 26    XL:     13   Next: 23%
Magic:  13/13      EV: 15    Int:  8    God:    Trog [****..]
Gold:   1146       SH: 17    Dex: 21    Spells: 12/12 levels left

rFire   . . .      SeeInvis .     - Unarmed
rCold   + . .      Faith    .   c - +0 kite shield
rNeg    . . .      Spirit   .   s - +4 ring mail "Hosozos" {Dex+3}
rPois   .          Reflect  +   T - +1 hat
rElec   .          Harm     .   r - +2 cloak
rCorr   .          Rampage  .   (no gloves)
Will    .....                   L - +0 pair of boots
Stlth   +.........              x - amulet of reflection
HPRegen 0.27/turn               t - ring of protection from cold
MPRegen 0.13/turn               N - +6 ring of strength

@: on berserk cooldown, hasted and slowed, unable to read
A: antennae 2, rugged brown scales 3, demonic guardian 2, ignite blood 1, agile
1, inability to read while threatened
a: Renounce Religion, Berserk, Trog's Hand, Brothers in Arms


You were on level 2 of the Orcish Mines.
You worshipped Trog.
Trog was greatly pleased with you.
You visited 2 branches of the dungeon, and saw 17 of its levels.

You collected 1146 gold pieces.


Innate Abilities, Weirdness & Mutations

You have a pair of antennae on your head.
You are completely covered in rugged brown scales. (AC +3, +7% HP)
A demonic guardian rushes to your aid.
Your demonic aura sometimes causes spilled blood to erupt in flames.
You are agile. (Dex +2)
You sometimes lose the ability to read scrolls when taking damage.


   Skills:
 + Level 8.6 Fighting
 - Level 8.0 Throwing
 + Level 8.5 Armour
 + Level 8.5 Dodging
 * Level 7.5 Shields
 - Level 12.0 Unarmed Combat


You had 12 spell levels left.
You didn't know any spells.
Your spell library contained the following spells:

 Spells                   Type           Power      Damage    Failure   Level
 Freeze                   Ice            0%         1d3       83%         1
 Magic Dart               Conj           0%         1d3       83%         1
 Sandblast                Erth           0%         2d4       83%         1
 Sting                    Tmut/Pois      0%         1d3       83%         1
 Blink                    Tloc           0%         N/A       93%         2
 Passwall                 Tmut/Erth      0%         N/A       93%         2
 Poisonous Vapours        Pois/Air       0%         N/A       93%         2
 Searing Ray              Conj           0%         2d4       93%         2
 Frozen Ramparts          Ice            0%         1d2       99%         3
 Stone Arrow              Conj/Erth      0%         3d7       99%         3
 Summon Guardian Golem    Hex/Summ       0%         N/A       99%         3
 Fulminant Prism          Conj/Hex       0%         3d6       100%        4
 Hailstorm                Conj/Ice       0%         3d3       100%        4
 Leda's Liquefaction      Hex/Erth       0%         N/A       100%        4
 Olgreb's Toxic Radiance  Pois           0%         N/A       100%        4
 Malign Gateway           Summ/Tloc      0%         N/A       100%        7

Inventory:

Missiles
 b - 254 stones (quivered) {throwing}
 d - 23 poisoned darts {throwing}
 f - 8 boomerangs {throwing}
Armour
 a - a +0 animal skin
 c - a +0 kite shield (worn)
   (You took it off a gnoll sergeant on level 10 of the Dungeon)
 e - a +0 hat
   (You found it on level 8 of the Dungeon)
 q - a +0 troll leather armour
   (You found it on level 6 of the Dungeon)
 r - a +2 cloak (worn)
   (You took it off Crazy Yiuf on level 6 of the Dungeon)
 s - the +4 ring mail "Hosozos" (worn) {Dex+3}
   (You found it on level 7 of the Dungeon)

   Dex:       It affects your dexterity (+3).
 L - a +0 pair of boots (worn)
   (You found it on level 3 of the Dungeon)
 T - a +1 hat (worn)
   (You found it on level 15 of the Dungeon)
Magical Staves
 p - a staff of air {forbidden!astaff}
   (You found it on level 6 of the Dungeon)
 Q - a staff of cold {forbidden!astaff}
   (You found it on level 14 of the Dungeon)
Jewellery
 t - a ring of protection from cold (left hand)
   (You found it on level 7 of the Dungeon)
 v - a ring of see invisible
   (You took it off an orc on level 8 of the Dungeon)
 x - an amulet of reflection (around neck)
   (You found it on level 8 of the Dungeon)
 N - a +6 ring of strength (right hand)
   (You found it on level 2 of the Dungeon)
 P - a ring of resist corrosion
   (You took it off an orc wizard on level 9 of the Dungeon)
Wands
 B - a wand of iceblast (8)
   (You took it off an orc warrior on level 9 of the Dungeon)
 O - a wand of acid (8)
   (You took it off a kobold demonologist on level 9 of the Dungeon)
Scrolls
 g - a scroll of fog
 h - 3 scrolls of immolation {!r!r}
 i - 8 scrolls of teleportation {@r4}
 k - a scroll of magic mapping {!r}
 l - 2 scrolls of brand weapon
 u - a scroll of poison {!r}
 y - a scroll of enchant weapon
 A - a scroll of amnesia
 G - 2 scrolls of blinking {!r}
 I - a scroll of fear
 K - a scroll of enchant armour
 M - 3 scrolls of identify {@r1}
Potions
 j - a potion of cancellation
 m - 2 potions of berserk rage {!q}
 n - 3 potions of might
 o - 3 potions of attraction {!q}
 w - 11 potions of curing {@q1}
 z - 3 potions of flight
 C - 2 potions of resistance
 D - a potion of degeneration {!q@e2}
 E - 2 potions of lignification {!q}
 F - a potion of ambrosia
 H - a potion of haste {@q3}
 J - a potion of heal wounds {@q2}
 R - 2 potions of brilliance

Dungeon Overview and Level Annotations

Branches:
Dungeon (15/15)            Temple (0/1) D:5            Lair (0/6) D:8
    Orc (2/2) D:9          Vaults (0/5) D:14
    Elf: Orc:2       Depths: D:15

Altars:
Cheibriados
Elyvilon
Qazlal
Trog
Beogh

Shops:
D:1 [   D:7 *   Orc:1 =(   Orc:2 [

Annotations:
D:7 2 transporters, Sekkong's ghost, novice MiFi
D:12 3 runed translucent doors, Qusurap's ghost, journeyman GnAK

######)....#
#######
########...##
##.##.####.##
.###......#....#
#..........#.....#
.......#.........#
.....#.#...).....#
...........)ooo).#
#...#.....###@3..#
#.........#∩#oo4.#
..........#{#3o4o#
...o.....o44oo#
.............o#
.o.........o.#
............(#
......oo


You could see a soul eater (summoned), 2 orc high priests, a sun demon
(summoned), an orange demon (summoned), a hellwing (summoned), an orc sorcerer
(strong), a red devil (summoned), 4 orc warriors, an orc priest, an orc wizard,
5 orcs and a friendly rust devil (summoned).


Message History

You kill the orc sorcerer!
Trog accepts your kill.
Trog appreciates your killing of a magic user.
The hellwing disappears in a puff of smoke!
The red devil disappears in a puff of smoke!
The sentinel's mark upon you fades away.
The soul eater draws from the surrounding life force!
* * * LOW HITPOINT WARNING * * *
A demonic guardian appears!
The orc misses you. You block the orc's attack. x2
An orc comes into view. It is wielding a +0 war axe.
You block the orc high priest's attack.
The orc high priest hits you with a +0 flail!
* * * LOW HITPOINT WARNING * * *
😱 HP[-34]
You take 34 damage, and now have 35/157 hp.
MASSIVE DAMAGE!! (PAUSE) Unknown command.
You closely miss the orc high priest. You block the orange demon's attack.
You barely miss the orc high priest. The orc hits you with a +0 dagger.
* * * LOW HITPOINT WARNING * * *
The orc barely misses you.
An orc warrior comes into view. It is wielding a +0 scimitar.
The orc sorcerer mumbles some strange words.
You feel troubled. You block the orc high priest's attack.
You block the orc's attack.
The orc high priest hits you but does no damage.
Your rust devil hits the orc high priest.
Your rust devil corrodes the orc high priest!
The orange demon completely misses you. 😱 HP[-1]
You take 1 damage, and now have 34/157 hp.
You punch the orc high priest!
The soul eater is engulfed in blazing flames.
The soul eater draws from the surrounding life force!
* * * LOW HITPOINT WARNING * * *
The soul eater is healed. 😱 HP[-5]
You take 5 damage, and now have 29/157 hp.
You hit the orc high priest. You block the orc's attack.
The orc closely misses you. You block the orc's attack.
The orc high priest misses you.
The orc high priest hits you but does no damage.
Your rust devil hits the orc high priest.
The orc high priest seems to be corroded for longer.
The orange demon stings you from afar!
* * * LOW HITPOINT WARNING * * *
The soul eater completely misses you. 😱 HP[-9]
You take 9 damage, and now have 20/157 hp.
You punch the orc high priest!
You are no longer berserk.
You are exhausted.
You feel yourself slow down.
You block the orc's attack. x2; The orc hits you with a +0 flail.
* * * LOW HITPOINT WARNING * * *
The orc warrior yells to no one in particular.
An orc warrior comes into view. It is wielding a +0 dire flail.
The orc sorcerer misses you.
The orc high priest is engulfed in blazing flames.
The orc high priest barely misses you.
The orc warrior closely misses your rust devil.
You block the orc high priest's attack.
Your rust devil hits the orc high priest.
The orc high priest seems to be corroded for longer. 😱 HP[-8]
You now have 105 max hp (-52).
You cannot read scrolls in your current state!
You feel much better. You block the orange demon's attack.
The soul eater barely misses you. The orc completely misses you.
The orc warrior hits your rust devil with a +3 long sword.
You block the orc's attack. The orc completely misses you.
The orc sorcerer hits you with a +0 dagger.
* * * LOW HITPOINT WARNING * * *
The orc high priest is engulfed in blazing flames.
The orc high priest hits you from afar with a +0 halberd.
* * * LOW HITPOINT WARNING * * *
The orc high priest invokes the aid of Beogh against you.
Pain shoots through your body!
* * * LOW HITPOINT WARNING * * *
Your rust devil hits the orc warrior.
Your rust devil corrodes the orc warrior!
The orange demon barely misses you.
You block the soul eater's attack. 😱 HP[+10]
You regained 10 hp, and now have 22/105 hp.
You feel yourself speed up.
You carefully extract the barbed spikes from your body.
The orc no longer looks unusually strong.
The orc warrior is engulfed in blazing flames.
The orc warrior hits your rust devil with a +3 long sword!
You block the orc's attack. x2; The orc misses you.
The orc high priest mumbles some strange prayers.
The orc high priest calls down the wrath of Beogh upon you.
Pain shoots through your body!
* * * LOW HITPOINT WARNING * * *
The orc sorcerer hits you with a +0 dagger.
* * * LOW HITPOINT WARNING * * *
An orc wizard comes into view. It is wielding a +0 dagger.
The orc high priest is engulfed in blazing flames.
The orc high priest hits you from afar with a +0 halberd!!
You die...

Skill      XL: |  1  2  3  4  5  6  7  8  9 10 11 12 13 |
---------------+----------------------------------------+-----
Unarmed Combat | 3 4 5 6 7 8 9 10 11 12 | 12.0
Armour         | 2 3 4 5 6 7 8 |  8.5
Dodging        | 2 3 4 5 6 7 8 |  8.5
Throwing       | 2 3 5 6 7 8 |  8.0
Fighting       | 4 6 7 8 |  8.6
Shields        | 4 7 |  7.5

Action                   |  1- 3 |  4- 6 |  7- 9 | 10-12 | 13-15 || total
-------------------------+-------+-------+-------+-------+-------++-------
Melee: Unarmed           |    89 |   101 |   256 |   669 |    67 ||  1182
       Punch             |     1 |     7 |    14 |     9 |       ||    31
Throw: Stone             |       |     7 |    44 |   369 |    13 ||   433
       Boomerang         |       |       |       |     1 |       ||     1
Invok: Berserk           |       |     5 |    16 |    18 |     1 ||    40
       Trog's Hand       |       |       |       |     3 |       ||     3
Evoke: Wand              |       |       |       |     7 |       ||     7
  Use: Potion            |       |     1 |     4 |     9 |     2 ||    16
       Scroll            |       |     1 |       |    20 |     1 ||    22
 Stab: Sleeping          |     2 |     1 |       |       |       ||     3
       Distracted        |       |       |     1 |     1 |       ||     2
Armor: Animal skin       |    25 |    29 |    29 |       |       ||    83
       Ring mail         |       |       |    25 |   178 |    20 ||   223
       Troll leather arm |       |       |     2 |       |       ||     2
       Skin              |       |       |       |    35 |       ||    35
Dodge: Dodged            |    57 |    66 |   117 |   327 |    41 ||   608
Block: Other             |       |       |       |    73 |       ||    73
       Kite shield       |       |       |       |   326 |    69 ||   395
       Reflection        |       |       |       |    16 |       ||    16

Levels and vault maps discovered:
D:1:      grunt_arrival_lava_bath, layout_basic, serial_shops,
          nicolae_shop_crystal, hellmonk_ecumenical_altar_watching_god,
          lemuel_old_faithful
D:2:      layout_loops_cross
D:3:      layout_rooms, serial_corexii_hall, chequers_hall_statues_wall_a,
          corexii_hall_statues_s, corexii_hall_statues_x, corexii_hall_statues_x
D:4:      layout_cave_pods, uniq_robin
D:5:      layout_loops_corners, minmay_temple_entry_statues_pillars,
          nicolae_fountain_basement
D:6:      layout_loops_cross, cheibrodos_sewer_entry_sluice, minmay_three_doors,
          uniq_grinder, uniq_crazy_yiuf_cottage
D:7:      layout_basic, gammafunk_ghost_arena, nicolae_shop_fire_sale
          [nicolae_sub_dead_trees], grunt_decor_junction,
          minmay_gold_behind_fungi, uniq_menkaure
D:8:      layout_basic, kennysheep_slug_shrine, grunt_lair_entry_orc_guard_hut,
          chequers_serial_rivers_large_b, interstate_on_off,
          minmay_fractal_squares_gapless_5, uniq_grum
D:9:      layout_gridville, gammafunk_temple_overflow_pools, orc_0_dummy,
          minmay_alternating_orb, uniq_erolcha
D:10:     layout_long_grid, mainiacjoe_overflow_small_starburst
D:11:     layout_loops_ring
D:12:     layout_cave_pods, gammafunk_ghost_icy
D:13:     layout_long_grid
D:14:     dreamdust_dug_too_deep, layout_loops_corners, erik_vaults_1,
          minmay_tree_intersection
D:15:     gammafunk_enter_depths_forms, layout_cave_pools, uniq_josephine
Orc:1:    layout_caves, basic_altar, serial_shops, shop, shop, shop,
          shop_fountains, lightli_orcish_oven
Orc:2:    st_orc_congregation, layout_diamond_mine, serial_shops,
          nicolae_shop_window_shopping

Notes
Turn   | Place    | Note
-------+----------+-------------------------------------------
     0 | D:1      | spaghetti the Demonspawn Berserker began the quest for the
                  | Orb.
     0 | D:1      | Reached XP level 1. HP: 18/18 MP: 1/1
     0 | D:1      | magus.rc [v1.9.6]
    78 | D:1      | Noticed a shining eye
    82 | D:1      | Found a faded altar of an unknown god.
    92 | D:1      | Reached skill level 3 in Unarmed Combat
   100 | D:1      | Noticed a golden eye
   100 | D:1      | Noticed an eye of devastation
   100 | D:1      | Noticed a shining eye
   389 | D:1      | Gained mutation: You are partially covered in rugged brown
                  | scales. (AC +1, +3% HP) [demonic ancestry]
   389 | D:1      | Reached XP level 2. HP: 17/24 MP: 2/2
   638 | D:1      | Found Hoiwaps's Antique Armour Shop.
  1214 | D:2      | You fall into a shaft and drop 2 floors!
  1217 | D:4      | Noticed an ogre
  1227 | D:4      | Killed an ogre
  1228 | D:4      | Reached skill level 2 in Armour
  1228 | D:4      | Reached skill level 2 in Dodging
  1228 | D:4      | Reached skill level 4 in Unarmed Combat
  1228 | D:4      | Gained mutation: You have a pair of small antennae on your
                  | head. [demonic ancestry]
  1228 | D:4      | Reached XP level 3. HP: 29/29 MP: 3/3
  1228 | D:4      | Gained mutation: Your demonic aura sometimes causes spilled
                  | blood to erupt in flames. [demonic ancestry]
  1228 | D:4      | Reached XP level 4. HP: 36/36 MP: 4/4
  1241 | D:4      | Reached XP level 5. HP: 24/42 MP: 5/5
  1865 | D:4      | Noticed a black bear
  1879 | D:4      | Killed a black bear
  2024 | D:4      | Noticed Robin
  2034 | D:4      | Reached ** piety under Trog
  2039 | D:4      | Reached skill level 3 in Armour
  2040 | D:4      | Killed Robin
  2041 | D:4      | Reached skill level 3 in Dodging
  2220 | D:4      | You pick up a book of Geomancy {forbidden} and begin
                  | reading...
  2220 | D:4      | You add the spells Sandblast, Passwall and Stone Arrow to
                  | your library.
  2407 | D:5      | Entered Level 5 of the Dungeon
  2412 | D:5      | Reached skill level 5 in Unarmed Combat
  2412 | D:5      | Gained mutation: A weak demonic guardian rushes to your
                  | aid. [demonic ancestry]
  2412 | D:5      | Reached XP level 6. HP: 45/48 MP: 6/6
  2567 | D:5      | Reached skill level 1 in Throwing
  2675 | D:5      | You add the spells Sting, Poisonous Vapours and Olgreb's
                  | Toxic Radiance to your library.
  2723 | D:5      | Noticed a sky beast
  2736 | D:5      | Killed a sky beast
  3001 | D:5      | Noticed an ice beast
  3015 | D:5      | Killed an ice beast
  3016 | D:5      | Reached skill level 2 in Throwing
  3016 | D:5      | Reached XP level 7. HP: 40/53 MP: 7/7
  3357 | D:5      | Found a staircase to the Ecumenical Temple.
  4199 | D:5      | Reached skill level 3 in Throwing
  4199 | D:5      | Reached skill level 6 in Unarmed Combat
  4753 | D:6      | Noticed Grinder
  4761 | D:6      | Paralysed by Grinder for 5 turns
  4764 | D:6      | HP: 18/79 [Grinder (8)]
  4766 | D:6      | HP: 6/79 [Grinder (4)]
  4771 | D:6      | Killed Grinder
  4772 | D:6      | Reached skill level 4 in Armour
  4772 | D:6      | Reached skill level 4 in Dodging
  4772 | D:6      | Gained mutation: A demonic guardian rushes to your aid.
                  | [demonic ancestry]
  4772 | D:6      | Reached XP level 8. HP: 7/59 MP: 8/8
  5186 | D:6      | Found a runed translucent door.
  5187 | D:6      | Noticed Crazy Yiuf
  5239 | D:6      | Reached skill level 4 in Throwing
  5974 | D:6      | Noticed a cyclops
  5983 | D:6      | Killed a cyclops
  5984 | D:6      | Reached skill level 7 in Unarmed Combat
  6129 | D:6      | Reached skill level 5 in Throwing
  6129 | D:6      | Reached XP level 9. HP: 66/66 MP: 9/9
  6136 | D:6      | Noticed a troll
  6140 | D:6      | HP: 23/99 [troll (6)]
  6142 | D:6      | HP: 10/99 [troll (5)]
  6143 | D:6      | Killed a troll
  6514 | D:6      | Killed Crazy Yiuf
  6558 | D:7      | Found a transporter.
  6563 | D:7      | Noticed Sekkong's ghost (novice MiFi)
  6564 | D:7      | Identified the +4 ring mail "Hosozos" {Dex+3}
  6768 | D:7      | Reached skill level 5 in Armour
  6794 | D:7      | Reached skill level 4 in Fighting
  6843 | D:7      | Found Dana's Fire Supplies.
  6861 | D:7      | Identified the +1 hand axe of Past Mistakes {holy, rC-
                  | rCorr Str+3}
  7055 | D:7      | Found a transporter.
  7156 | D:7      | Noticed Menkaure
  7164 | D:7      | Killed Menkaure
  7165 | D:7      | Reached skill level 5 in Dodging
  7432 | D:8      | Noticed Grum
  7447 | D:8      | Killed Grum
  7695 | D:8      | Reached skill level 6 in Throwing
  7835 | D:8      | Found a snail-covered altar of Cheibriados.
  7852 | D:8      | Reached skill level 8 in Unarmed Combat
  7965 | D:8      | Noticed a komodo dragon
  7982 | D:8      | Killed a komodo dragon
  8134 | D:8      | Noticed a cyclops
  8144 | D:8      | Killed a cyclops
  8145 | D:8      | Gained mutation: You have a pair of antennae on your head.
                  | [demonic ancestry]
  8145 | D:8      | Reached XP level 10. HP: 75/75 MP: 10/10
  8262 | D:8      | Reached skill level 5 in Fighting
  9118 | D:8      | Found a staircase to the Lair.
  9658 | D:9      | Reached skill level 7 in Throwing
  9963 | D:9      | Noticed a two-headed ogre
  9974 | D:9      | Killed a two-headed ogre
  9975 | D:9      | Reached skill level 6 in Armour
  9975 | D:9      | Reached skill level 6 in Dodging
  9975 | D:9      | Reached skill level 9 in Unarmed Combat
 10493 | D:9      | Reached skill level 6 in Fighting
 10542 | D:9      | Gained mutation: You are mostly covered in rugged brown
                  | scales. (AC +2, +5% HP) [demonic ancestry]
 10542 | D:9      | Reached XP level 11. HP: 41/85 MP: 11/11
 10588 | D:9      | HP: 20/85 [yak (10)]
 10617 | D:9      | HP: 19/85 [poisoned by a killer bee]
 10640 | D:10     | Entered Level 10 of the Dungeon
 10973 | D:10     | Reached skill level 8 in Throwing
 11420 | D:10     | Noticed a sun demon
 11425 | D:10     | Reached skill level 1 in Shields
 11487 | D:10     | Found a bloodstained altar of Trog.
 11691 | D:11     | Noticed an eight-headed hydra
 11695 | D:11     | HP: 31/129 [eight-headed hydra (8)]
 11696 | D:11     | Killed an eight-headed hydra
 11700 | D:11     | Reached *** piety under Trog
 11701 | D:11     | Reached skill level 2 in Shields
 12050 | D:11     | Noticed a white ugly thing
 12061 | D:11     | Killed a white ugly thing
 12667 | D:11     | Reached skill level 10 in Unarmed Combat
 12936 | D:12     | Noticed a boulder beetle
 12996 | D:12     | HP: 30/130 [boulder beetle (21)]
 12997 | D:12     | Killed a boulder beetle
 12998 | D:12     | Reached skill level 3 in Shields
 13029 | D:12     | Noticed a two-headed ogre
 13268 | D:12     | Killed a two-headed ogre
 13269 | D:12     | Reached skill level 7 in Armour
 13269 | D:12     | Reached skill level 7 in Dodging
 13363 | D:12     | Found a runed translucent gate.
 13365 | D:12     | Found a runed translucent gate.
 13366 | D:12     | Found a runed translucent gate.
 14216 | D:12     | Noticed Qusurap's ghost (journeyman GnAK)
 14248 | D:13     | Noticed a four-headed hydra
 14261 | D:13     | Killed a four-headed hydra
 14262 | D:13     | Reached skill level 7 in Fighting
 14419 | D:13     | Noticed a green ugly thing
 14432 | D:13     | Killed a green ugly thing
 14433 | D:13     | Reached skill level 4 in Shields
 14477 | D:13     | Noticed a skeletal warrior
 14482 | D:13     | Noticed a skeletal warrior
 14495 | D:13     | Killed a skeletal warrior
 14497 | D:13     | HP: 28/132 [skeletal warrior/+0 trident (8)]
 14501 | D:13     | Noticed a skeletal warrior
 14503 | D:13     | Killed a skeletal warrior
 14505 | D:13     | Gained mutation: You sometimes lose the ability to read
                  | scrolls when taking damage. [potion of mutation]
 14505 | D:13     | Gained mutation: You are agile. (Dex +2) [potion of
                  | mutation]
 14509 | D:13     | HP: 19/88 [skeletal warrior/stone (8)]
 14510 | D:13     | Killed a skeletal warrior
 14511 | D:13     | Reached XP level 12. HP: 21/95 MP: 12/12
 14815 | D:13     | Noticed a six-headed hydra
 14822 | D:13     | Killed a six-headed hydra
 15078 | D:13     | Noticed an eight-headed hydra
 15087 | D:13     | Killed an eight-headed hydra
 15253 | D:13     | You pick up a book of Conjurations {forbidden@e2} and begin
                  | reading...
 15253 | D:13     | You add the spells Magic Dart, Searing Ray and Fulminant
                  | Prism to your library.
 15291 | D:13     | Noticed a six-headed hydra
 15298 | D:13     | Killed a six-headed hydra
 15299 | D:13     | Reached skill level 5 in Shields
 15837 | D:14     | Reached skill level 11 in Unarmed Combat
 16170 | D:14     | HP: 21/95 [+4 long sword (23)]
 16174 | D:14     | HP: 8/142 [+4 long sword (7)]
 16525 | D:14     | Found a gate to the Vaults.
 16837 | D:12     | Noticed an ice dragon
 17121 | D:3      | Identified a +1 robe of the Archmagi
 17885 | D:2      | You pick up a book of Frost {forbidden} and begin
                  | reading...
 17885 | D:2      | You add the spells Freeze, Frozen Ramparts and Hailstorm to
                  | your library.
 18677 | D:9      | Reached **** piety under Trog
 18702 | D:9      | Noticed Erolcha
 18712 | D:9      | Killed Erolcha
 18808 | D:9      | Found a staircase to the Orcish Mines.
 18937 | D:9      | Found a stormy altar of Qazlal.
 19273 | D:14     | Noticed a tengu warrior
 19292 | D:14     | Killed a tengu warrior
 19293 | D:14     | Reached skill level 6 in Shields
 19419 | D:14     | Reached skill level 8 in Dodging
 19428 | D:14     | Reached skill level 8 in Fighting
 19428 | D:14     | Reached skill level 8 in Armour
 19777 | D:14     | Found a runed translucent door.
 19780 | D:14     | Noticed a balrug
 19900 | D:14     | Noticed a centaur warrior
 19907 | D:14     | Killed a centaur warrior
 19998 | D:14     | You add the spells Blink, Summon Guardian Golem, Leda's
                  | Liquefaction and Malign Gateway to your library.
 19998 | D:14     | Got the Almanac of Malediction and Displacement {forbidden}
 20201 | D:14     | HP: 34/138 [balrug/divine providence (7)]
 20202 | D:14     | Killed a balrug
 20507 | D:15     | Entered Level 15 of the Dungeon
 20871 | Orc:1    | Entered Level 1 of the Orcish Mines
 20871 | Orc:1    | Found Jotisal's Jewellery Shop.
 20911 | Orc:1    | Found Xethraf's Antique Weapon Shoppe.
 21016 | Orc:2    | Entered Level 2 of the Orcish Mines
 21350 | Orc:2    | Reached skill level 7 in Shields
 21350 | Orc:2    | Gained mutation: You are completely covered in rugged brown
                  | scales. (AC +3, +7% HP) [demonic ancestry]
 21350 | Orc:2    | Reached XP level 13. HP: 80/105 MP: 13/13
 21702 | Orc:2    | Found Mejo's Armour Boutique.
 21733 | Orc:2    | Noticed an orc warlord
 21765 | Orc:2    | Reached skill level 12 in Unarmed Combat
 21765 | Orc:2    | Killed an orc warlord
 21766 | Orc:2    | HP: 35/157 [orc high priest/+0 flail (15)]
 21771 | Orc:2    | HP: 12/105 [orc/+0 flail (1)]
 21773 | Orc:2    | Mangled by an orc high priest

Vanquished Creatures
  An orc warlord (Orc:2)
  A balrug (D:14)
  Erolcha (D:9)
  4 hydras (D:13)
  A boulder beetle (D:12)
  A dancing weapon (D:14)
  2 two-headed ogres
  A tengu warrior (D:14)
  2 skeletal warriors (D:13)
  3 orc knights (Orc:2)
  2 orc sorcerers (Orc:2)
  6 cyclopes
  6 ugly things
  A komodo dragon (D:8)
  An unseen horror (D:11)
  3 kobold demonologists
  A tengu conjurer (D:13)
  2 trolls
  Grinder (D:6)
  3 slime creatures (D:14)
  A shadow (D:13)
  5 yaks (D:9)
  2 wyverns
  5 wraiths
  A basilisk (D:15)
  Grum (D:8)
  Menkaure (D:7)
  6 wargs (Orc:2)
  A water moccasin (D:5)
  14 orc warriors
  A black bear (D:4)
  2 sky beasts
  An ice beast (D:5)
  4 ogres
  3 wolves (D:8)
  5 centaurs
  A phantom (D:6)
  2 kobold brigands
  2 necrophages (D:6)
  7 bullfrogs
  A gnoll sergeant (D:10)
  5 wights (D:9)
  23 killer bees
  2 howler monkeys
  2 hounds (D:5)
  3 jellies
  7 orc priests
  Crazy Yiuf (D:6)
  A gnoll shaman (D:8)
  12 orc wizards
  Robin (D:4)
  14 gnolls
  5 adders
  4 white imps
  An ufetubus (D:6)
  5 worms
  7 dart slugs
  36 orcs
  6 endoplasms
  3 giant cockroaches
  14 goblins
  10 hobgoblins
  2 quokkas
  7 ball pythons
  8 bats
  4 frilled lizards
  9 kobolds
  3 rats
304 creatures vanquished.

Vanquished Creatures (collateral kills)
  A hydra (D:11)
  A centaur warrior (D:14)
  A dancing weapon (D:14)
  A skeletal warrior (D:13)
  2 cyclopes
  A komodo dragon (D:8)
  A wraith (D:10)
  2 orc warriors (Orc:2)
  A wolf (D:8)
  An ogre (Orc:2)
  A bullfrog (D:9)
  An orc priest (Orc:2)
  2 orcs
  2 kobolds (D:10)
18 creatures vanquished.

Vanquished Creatures (others)
  A bat (D:6)
  8 fungi (D:8)
  7 plants (D:8)
  6 toadstools (D:7)
22 creatures vanquished.

Grand Total: 344 creatures vanquished

Table legend:
 A = Non-vault XP
 B = Vault XP
 C = Vault XP percentage of total XP
 D = Non-vault monster count
 E = Vault monster count
 F = Vault count percentage of total count
                 A         B        C        D         E       F
            +---------+---------+-------+---------+---------+-------
      Total |   31131 |   13123 |  29.7 |     252 |      70 |  21.7
            +---------+---------+-------+---------+---------+-------
        D:1 |      33 |       0 |   0.0 |      21 |       0 |   0.0
        D:2 |      20 |       0 |   0.0 |       9 |       0 |   0.0
        D:3 |     101 |       0 |   0.0 |      25 |       0 |   0.0
        D:4 |     302 |      38 |  11.2 |       8 |      13 |  61.9
        D:5 |     939 |       0 |   0.0 |      20 |       0 |   0.0
        D:6 |     613 |    1308 |  68.1 |      18 |       7 |  28.0
        D:7 |     271 |     169 |  38.4 |       5 |       1 |  16.7
        D:8 |    1608 |    1731 |  51.8 |      23 |      13 |  36.1
        D:9 |    3322 |    2483 |  42.8 |      33 |      16 |  32.7
       D:10 |    1612 |       0 |   0.0 |      19 |       0 |   0.0
       D:11 |    2806 |       0 |   0.0 |      11 |       0 |   0.0
       D:12 |    2644 |       0 |   0.0 |       8 |       0 |   0.0
       D:13 |    7070 |       0 |   0.0 |      11 |       0 |   0.0
       D:14 |    5180 |    2795 |  35.0 |      10 |       3 |  23.1
       D:15 |    1836 |       0 |   0.0 |       4 |       0 |   0.0
      Orc:2 |    2774 |    4599 |  62.4 |      27 |      17 |  38.6
            +---------+---------+-------+---------+---------+-------

Illustrated notes

Table legend:
 A = Kills in this place as a percentage of kills in entire the game.
 B = Kills by you in this place as a percentage of kills by you in the entire game.
 C = Kills by friends in this place as a percentage of kills by friends in the entire game.
 D = Other kills in this place as a percentage of other kills in the entire game.
 E = Experience gained in this place as a percentage of experience gained in the entire game.
 F = Experience gained in this place divided by the number of levels of this place that you have seen.
                   A       B       C       D       E      F
               +-------+-------+-------+-------+-------+----------------------
         Total | 100.0 | 100.0 | 100.0 |   N/A | 100.0 | 2603.2
       Dungeon |  86.3 |  87.2 |  72.2 |   N/A |  83.3 | 2458.7
  Orcish Mines |  13.7 |  12.8 |  27.8 |   N/A |  16.7 | 3686.5
               +-------+-------+-------+-------+-------+----------------------

Table legend: (Time is in decaauts)
 A = Elapsed time spent in this place.
 B = Non-inter-level travel time spent in this place.
 C = Inter-level travel time spent in this place.
 D = Time resting spent in this place.
 E = Time spent auto-exploring this place.
 F = Levels seen in this place.
 G = Mean time per level.
                   A        B        C        D        E       F      G
               +--------+--------+--------+--------+--------+-----+--------+
         Total |  22002 |  20832 |   1170 |   3323 |  15059 |  17 | 1294.2 |
       Dungeon |  21120 |  19963 |   1157 |   3275 |  14410 |  15 | 1408.0 |
  Orcish Mines |    882 |    869 |     13 |     48 |    649 |   2 |  441.0 |
               +--------+--------+--------+--------+--------+-----+--------+

Top non-repeatable levels by time:
    D:14: 2486 daAuts
     D:6: 2308 daAuts
     D:8: 2211 daAuts
     D:5: 2035 daAuts
     D:9: 1600 daAuts
    D:13: 1580 daAuts
    D:11: 1557 daAuts
     D:4: 1242 daAuts
    D:10: 1228 daAuts
     D:1: 1214 daAuts
    D:12: 1205 daAuts
     D:7: 1018 daAuts
   Orc:2: 737 daAuts
     D:3: 671 daAuts
     D:2: 576 daAuts
